 Dungeon Crawl Stone Soup version 0.17.0-24-gcfadda4 (console) character file.

14922 gw the Basher (level 11, 0/90 HPs)
             Began as a Deep Dwarf Fighter on Nov 18, 2015.
             Was a Follower of Ru.
             Slain by a two-headed ogre
             ... wielding a +0 giant spiked club
              (2 damage)
             ... on level 15 of the Dungeon.
             The game lasted 00:20:29 (11913 turns).

gw the Basher (Deep Dwarf Fighter)                 Turns: 11913, Time: 00:20:29

Health: 0/90       AC: 19    Str: 22    XL:     11   Next: 95%
Magic:  0/0        EV:  9    Int:  9    God:    Ru [*.....]
Gold:   934        SH: 13    Dex: 17    Spells: 0 memorised, 10 levels left

rFire  + . .     SeeInvis +     b - +4 morningstar
rCold  . . .     Clarity  .     C - +1 chain mail {rF+}
rNeg   . . .     SustAt   .     c - +1 shield
rPois  .         Gourm    .     l - +0 helmet
rElec  .         Spirit   .     z - +0 cloak
rCorr  .         Warding  .     F - +0 pair of gloves
rMut   .         Stasis   .     u - +1 pair of boots
MR     +....                    G - amulet of rage
Stlth  ..........               x - +2 ring of evasion
                                j - ring of see invisible

@: non-regenerating, somewhat resistant to hostile enchantments, extremely
unstealthy
A: damage resistance, recharge devices, agile 1, frail 1, sense surroundings 2,
screaming 1, slow regeneration 3, strong 1, subdued magic 1
a: Device Recharging, Renounce Religion, Evoke Berserk Rage


You were on level 15 of the Dungeon.
You worshipped Ru.
Ru was aware of your devotion.
You were hungry.

You visited 2 branches of the dungeon, and saw 16 of its levels.
You also visited: Ossuary.

You collected 934 gold pieces.

Inventory:

Hand Weapons
 b - a +4 morningstar (weapon)
Missiles
 a - 7 curare-tipped needles
 g - 9 tomahawks (quivered)
 i - 325 stones
 B - 31 poisoned needles
Armour
 c - a +1 shield (worn)
 l - a +0 helmet (worn)
 u - a +1 pair of boots (worn)
 z - a +0 cloak (worn)
 C - a +1 chain mail of fire resistance (worn)
 F - a +0 pair of gloves (worn)
Jewellery
 j - a ring of see invisible (left hand)
 x - a +2 ring of evasion (right hand)
 G - an amulet of rage (around neck)
Wands
 e - a wand of heal wounds (2)
 o - a wand of draining (10)
 p - a wand of fire (6)
 s - a wand of disintegration (10)
 y - a wand of digging (11)
 A - a wand of confusion (37)
Scrolls
 n - 6 scrolls of remove curse
 r - 3 scrolls of blinking
 v - 3 scrolls of teleportation
 w - 7 scrolls of identify
 D - a scroll of vulnerability {unknown}
Potions
 d - 3 potions of might
 k - a potion of mutation
 t - a potion of cancellation
Comestibles
 f - 10 bread rations
 h - 6 fruits
 m - 3 meat rations
 q - 7 beef jerkies


   Skills:
 + Level 7.4 Fighting
 * Level 11.3 Maces & Flails
 + Level 7.1 Throwing
 + Level 9.5 Armour
 + Level 9.5 Shields
 + Level 3.6 Evocations


You had 10 spell levels left.
You didn't know any spells.

Dungeon Overview and Level Annotations

Branches:
Dungeon (15/15)            Temple (1/1) D:4
   Lair: D:8-11         Orc: D:9-12      Vaults: D:13-14     Depths: D:15

Altars:
Ashenzari
Cheibriados
Dithmenos
Elyvilon
Fedhas
Gozag
Kikubaaqudgha
Makhleb
Nemelex Xobeh
Okawaru
Qazlal
Ru
Sif Muna
Trog
Vehumet
Xom
Yredelemnul
Zin
The Shining One

Shops:
D:6 *   D:9 ([}   D:12 ?*

Portals:
Bazaar: D:14


Innate Abilities, Weirdness & Mutations

You are resistant to damage.
You can recharge devices by infusing magical energy.
You are frail (-10% HP).
You passively map the area around you.
You do not regenerate naturally.
You are agile. (Dex +2)
You occasionally shout uncontrollably at your foes.
Your muscles are strong. (Str +2)
Your spells are a little easier to cast, but a little less powerful.


Message History

The griffon pecks you but does no damage.
The griffon claws you.
The ogre mage hits you but does no damage.
Charge which item? (? for menu, Esc to quit)
Choose an item to recharge, or Esc to abort.
Charge which item? (? for menu, Esc to quit)
Your wand of heal wounds (0) glows for a moment and now has 2 charges.
The ogre hits you with a giant spiked club!
The four-headed hydra bites you but does no damage.
You block the four-headed hydra's attack.
The four-headed hydra bites you!
The four-headed hydra bites you but does no damage.
You redirect the ogre's attack!
The ogre hits itself with a giant club!
The griffon bites you but does no damage.
You block the griffon's attack. The griffon barely misses you.
You block the two-headed ogre's attack.
The two-headed ogre hits you but does no damage.
The two-headed ogre hits you with a giant spiked club.
You die...

, * ,, , , #...
, , * * .*##...
, , ,,, ,, ,*
..#.... , , , ,
* #......,, , ,
##.....#########
***
#......x........
, * ,
#...OOO.......,
, * *,
*#..OgO....... ,
* ,,
#..ODH....... ,
, * ,*
###..........,
,, , ##.........
, * * ..#####...
, * * .... , ,..
* , * .... . , ,
...#. * , , ,, *
,, , ,, *


You could see a four-headed hydra, a griffon, an ogre mage (invisible), an
unseen horror (invisible), 2 two-headed ogres and 3 ogres.

Table legend:
 A = Turns spent in this place as a percentage of turns spent in the entire game.
 B = Non-inter-level travel turns spent in this place as a percentage of non-inter-level travel turns spent in the entire game.
 C = Inter-level travel turns spent in this place as a percentage of turns spent in this place.
 D = Turns resting spent in this place as a percentage of non-inter-level travel turns spent in this place.
 E = Turns spent auto-exploring this place as a percentage of non-inter-level travel turns spent in this place.
 F = Non-inter-level travel turns spent in this place divided by the number of levels of this place that you've seen.
                   A       B       C       D       E      F
               +-------+-------+-------+-------+-------+----------------------
         Total | 100.0 | 100.0 |   1.0 |   0.0 |   1.9 | 1674.3
       Dungeon |  94.8 |  94.7 |   1.0 |   0.0 |   1.9 | 1797.5
        Temple |   0.6 |   0.6 |   0.6 |   0.0 |   5.8 | 171.0
       Ossuary |   4.6 |   4.7 |   0.0 |   0.6 |   1.6 | 1330.0
               +-------+-------+-------+-------+-------+----------------------

Table legend:
 A = Kills in this place as a percentage of kills in entire the game.
 B = Kills by you in this place as a percentage of kills by you in the entire game.
 C = Kills by friends in this place as a percentage of kills by friends in the entire game.
 D = Other kills in this place as a percentage of other kills in the entire game.
 E = Experience gained in this place as a percentage of experience gained in the entire game.
 F = Experience gained in this place divided by the number of levels of this place that you have seen.
                   A       B       C       D       E      F
               +-------+-------+-------+-------+-------+----------------------
         Total | 100.0 | 100.0 |  -nan | 100.0 | 100.0 | 1254.0
       Dungeon |  94.7 |  94.6 |  -nan | 100.0 |  96.7 | 1374.2
       Ossuary |   5.3 |   5.4 |  -nan |   0.0 |   3.3 | 705.0
               +-------+-------+-------+-------+-------+----------------------

Vanquished Creatures
  Erica (D:8)
  An orange crystal statue (D:14)
  Pikel (D:8)
  A hill giant (D:13)
  An ugly thing (D:12)
  A cyclops (D:11)
  A slime creature (D:13)
  The ghost of edilaic the Skirmisher, a novice TeAM of Makhleb (Ossuary)
  Maurice (D:8)
  The ghost of porpoise the Cutter, a novice CeHu of Okawaru (D:6)
  3 two-headed ogres
  2 trolls (D:14)
  10 yaks
  A shadow (D:14)
  A mottled dragon (D:11)
  A hippogriff (D:11)
  Edmund (D:6)
  A soldier ant (D:13)
  A black bear (D:8)
  9 orc warriors
  6 sky beasts
  5 centaurs
  A necrophage (D:10)
  The ghost of gw the Ruffian, an amateur DrTm (D:3)
  7 ogres
  4 phantoms
  5 ice beasts
  4 big kobolds
  Blork the orc (D:6)
  3 giant frogs
  A brain worm (D:13)
  5 scorpions
  4 wights (D:9)
  9 killer bees (D:9)
  9 crimson imps
  8 orc wizards
  3 jellies
  4 centaur skeletons
  A gnoll shaman (D:9)
  7 orc priests
  A giant frog skeleton (D:5)
  4 hounds
  An iguana (D:9)
  2 sheep (D:11)
  11 worker ants
  A big kobold zombie (Ossuary)
  A hound skeleton (D:4)
  8 mummies (Ossuary)
  A worker ant zombie (D:7)
  A gnoll (D:5)
  7 adders
  2 shadow imps
  An adder skeleton (D:6)
  An adder zombie (D:9)
  6 giant geckos
  43 orcs
  8 bats
  10 hobgoblins
  10 jackals
  28 kobolds
  8 quokkas
  4 giant cockroaches
  A giant cockroach zombie (D:5)
  2 giant newts
  A gnoll zombie (Ossuary)
  12 goblins
  A hobgoblin zombie (Ossuary)
  2 kobold zombies (Ossuary)
  3 orc zombies (Ossuary)
  7 rats
316 creatures vanquished.

Vanquished Creatures (others)
  Erolcha (D:8)
  A slime creature (D:13)
  A wyvern (D:13)
  An orc wizard (D:8)
  A worker ant (D:8)
  An orc (D:8)
  A fungus (D:2)
7 creatures vanquished.

Grand Total: 323 creatures vanquished

Notes
Turn   | Place    | Note
--------------------------------------------------------------
     0 | D:1      | gw the Deep Dwarf Fighter began the quest for the Orb.
     0 | D:1      | Reached XP level 1. HP: 20/20 MP: 1/1
   263 | D:1      | Reached XP level 2. HP: 25/27 MP: 2/2
   841 | D:2      | Reached XP level 3. HP: 26/33 MP: 3/3
  1399 | D:3      | Noticed gw's ghost (amateur DrTm)
  1435 | D:3      | Killed gw's ghost
  1435 | D:3      | Reached skill level 1 in Throwing
  1435 | D:3      | Reached skill level 4 in Armour
  1435 | D:3      | Reached skill level 1 in Evocations
  1435 | D:3      | Reached XP level 4. HP: 42/42 MP: 3/5
  1822 | D:3      | Found a shadowy altar of Dithmenos.
  1843 | D:3      | Reached XP level 5. HP: 49/49 MP: 6/6
  1862 | D:3      | Noticed an ice beast
  1885 | D:3      | Killed an ice beast
  2606 | D:4      | Reached XP level 6. HP: 29/56 MP: 7/7
  2732 | D:4      | Found a sand-covered staircase.
  2736 | Ossuary  | Entered an ossuary
  2775 | Ossuary  | Noticed edilaic's ghost (novice TeAM)
  2819 | Ossuary  | Killed edilaic's ghost
  2819 | Ossuary  | Reached skill level 5 in Armour
  2819 | Ossuary  | Reached skill level 5 in Shields
  2819 | Ossuary  | Reached XP level 7. HP: 51/64 MP: 8/8
  2898 | Ossuary  | Reached skill level 5 in Maces & Flails
  3376 | Ossuary  | Gained mutation: Your muscles are strong. (Str +2) [potion of beneficial mutation]
  3431 | D:4      | Found a shimmering altar of Xom.
  3574 | D:4      | Paralysed by a crimson imp for 6 turns
  3610 | D:4      | Paralysed by a crimson imp for 6 turns
  4023 | D:4      | Found a staircase to the Ecumenical Temple.
  4029 | Temple   | Entered the Ecumenical Temple
  4139 | D:5      | Entered Level 5 of the Dungeon
  4166 | D:5      | Reached XP level 8. HP: 61/73 MP: 8/8
  4276 | D:5      | Found a white marble altar of Elyvilon.
  4516 | D:5      | Reached skill level 6 in Maces & Flails
  5881 | D:6      | Found Zeufuj's Assorted Antiques.
  5904 | D:6      | Noticed porpoise's ghost (novice CeHu)
  5947 | D:6      | Killed porpoise's ghost
  5947 | D:6      | Reached skill level 7 in Maces & Flails
  6316 | D:6      | Noticed Blork the orc
  6326 | D:6      | Killed Blork the orc
  6326 | D:6      | Reached skill level 5 in Fighting
  6326 | D:6      | Gained mutation: You passively map the area around you. [Deep Dwarf growth]
  6326 | D:6      | Reached XP level 9. HP: 56/81 MP: 8/8
  6413 | D:6      | Noticed Edmund
  6431 | D:6      | Killed Edmund
  6600 | D:6      | Found an opulent altar of Gozag.
  8498 | D:7      | Gained mutation: You are agile. (Dex +2) [potion of mutation]
  8498 | D:7      | Gained mutation: Your spells are a little easier to cast, but a little less powerful. [potion of mutation]
  8498 | D:7      | Gained mutation: You occasionally shout uncontrollably at your foes. [potion of mutation]
  8517 | D:8      | Noticed Erolcha
  8517 | D:8      | Noticed Erica
  8527 | D:8      | Killed Erolcha
  8527 | D:8      | Reached skill level 8 in Maces & Flails
  8613 | D:8      | Killed Erica
  8613 | D:8      | Reached skill level 5 in Throwing
  8613 | D:8      | Reached XP level 10. HP: 65/91 MP: 5/5
  8759 | D:8      | Noticed Pikel
  8785 | D:8      | Killed Pikel
  8785 | D:8      | Reached skill level 9 in Maces & Flails
  8980 | D:8      | Noticed Maurice
  9003 | D:8      | Killed Maurice
  9395 | D:9      | Found Huowelyn's Antique Armour Shoppe.
  9587 | D:9      | Reached skill level 10 in Maces & Flails
  9750 | D:9      | Found Ygeulix's Gadget Boutique.
  9807 | D:9      | Found a glowing golden altar of the Shining One.
  9812 | D:9      | Found a sacrificial altar of Ru.
  9813 | D:9      | Found a burning altar of Makhleb.
  9817 | D:9      | Became a worshipper of Ru the Awakened
  9820 | D:9      | Found a bloodstained altar of Trog.
  9821 | D:9      | Found a basalt altar of Yredelemnul.
  9905 | D:9      | Reached XP level 11. HP: 58/99 MP: 5/5
 10102 | D:9      | Found Onoi's Antique Weapon Shop.
 10253 | D:10     | Entered Level 10 of the Dungeon
 10404 | D:10     | You fall through a shaft!
 10614 | D:11     | Gained mutation: You are frail (-10% HP). [Ru sacrifice]
 10614 | D:11     | Reached * piety under Ru
 11257 | D:12     | Found Rinya's Magic Scroll Boutique.
 11257 | D:12     | Found Oguoc's Assorted Antiques.
 11468 | D:13     | Reached skill level 11 in Maces & Flails
 11650 | D:13     | Noticed a hill giant
 11664 | D:13     | Killed a hill giant
 11778 | D:14     | Noticed an orange crystal statue
 11779 | D:14     | Found a gateway to a bazaar.
 11796 | D:14     | Killed an orange crystal statue
 11889 | D:15     | Entered Level 15 of the Dungeon
 11889 | D:15     | Noticed an ogre mage
 11889 | D:15     | Noticed a four-headed hydra
 11892 | D:15     | Noticed an unseen horror
 11913 | D:15     | HP: 2/90 [four-headed hydra (8)]
 11913 | D:15     | Slain by a two-headed ogre

Action                   |  1- 3 |  4- 6 |  7- 9 | 10-12 || total
-------------------------+-------+-------+-------+-------++-------
Melee: Flail             |   198 |   136 |   759 |   136 ||  1229
       Morningstar       |       |       |       |   509 ||   509
Throw: Stone             |    55 |    12 |   255 |    51 ||   373
       Tomahawk          |       |    25 |    16 |    87 ||   128
Invok: Sacrifice Health  |       |       |       |     1 ||     1
 Abil: Device Recharging |       |       |     6 |     7 ||    13
Evoke: Wand              |     1 |     4 |    27 |    30 ||    62
  Use: Potion            |     5 |     2 |     8 |     2 ||    17
       Scroll            |     3 |     3 |     8 |     2 ||    16
  Eat: Chunk             |     2 |     7 |    12 |    12 ||    33
       Bread ration      |       |       |     2 |       ||     2

Vault maps used:
D:1:      scummos_arrival_simple_crosswalls
D:2:      minmay_gold_behind_fungi, grunt_ministairs_4
D:3:      kennysheep_big_flooded_room, lemuel_tele_altar
D:4:      temple_green, first_bread, nicolae_ossuary_entry_plus, led_xom_imps
D:5:      lemuel_crystal_altar, nicolae_zen_rock_garden, cheibrodos_gnoll_hut
D:6:      corexii_shack_village, nicolae_gozag_cash_rules_everything_around_me,
          serial_shops, nicolae_shop_competitors_out_of_business, st_stairs_9,
          hangedman_decor_lopped, uniq_blork_the_orc, uniq_edmund
D:7:      minmay_misc_feat_ornament, grunt_ogre_cave
D:8:      uniq_erolcha, uniq_pikel, uniq_erica, uniq_maurice
D:9:      minitemple, serial_shops, shop, shop, shop
D:10:     kennysheep_orc_monster_closet_entryway, serial_shops, shop
D:11:     lair_0_dummy, minivault_24
D:12:     serial_shops, nicolae_shop_trees, kennysheep_mini, shop,
          uniq_gastronok
D:13:     david_vaults_4, kennysheep_kite_vault, uniq_snorg
D:14:     serial_shops, statue_bzr, minmay_misc_feat_five
D:15:     hangedman_depths_entry_try_elsewhere_first,
          roderic_lattice_octagonal_star, basic_altar, dispersion_dpeg
Temple:   circular_temple_12
Ossuary:  ossuary_tomb_3
